 Dungeon Crawl Stone Soup version 0.31.0-11-ge490571c62 (webtiles) character file.

Game seed: 4724009909878316870

4383 qw the Nimble (level 10, 0/49 HPs)
             Began as a Spriggan Hunter on Feb 4, 2024.
             Was an Elder of Okawaru.
             Engulfed by a steam dragon's steam (4 damage)
             ... on level 8 of the Dungeon.
             The game lasted 00:00:33 (6057 turns).

qw the Nimble (Spriggan Hunter)                     Turns: 6057, Time: 00:00:33

Health: 0/49       AC:  4    Str:  7    XL:     10   Next: 13%
Magic:  15/15      EV: 33    Int: 10    God:    Okawaru [****..]
Gold:   136        SH:  0    Dex: 30    Spells: 9/9 levels left

rFire   . . .        r - +0 orcbow
rCold   . . .        (shield currently unavailable)
rNeg    . . .        c - +0 robe
rPois   .            (helmet restricted)
rElec   .            h - +1 cloak
rCorr   .            (gloves unavailable)
SInv    +            (boots unavailable)
Will    +....        (no amulet)
Stlth   +++          l - +6 ring of dexterity
HPRegen 0.28/turn    (no ring)
MPRegen 0.14/turn

%: no passive effects
@: very quick
A: very small, no large weapons, unfitting armour, see invisible, speed 3
a: Renounce Religion, Heroism, Finesse


You were on level 8 of the Dungeon.
You worshipped Okawaru.
Okawaru was greatly pleased with you.
You visited 2 branches of the dungeon, and saw 9 of its levels.

You collected 301 gold pieces.
You spent 165 gold pieces at shops.


Innate Abilities, Weirdness & Mutations

You are very small and have problems with some larger weapons.
You are too small for most types of armour.
You have supernaturally acute eyesight. (SInv)
You cover ground extremely quickly. (Speed+++)


   Skills:
 + Level 3.6 Fighting
 - Level 10.0 Ranged Weapons
 - Level 12.0 Dodging
 - Level 1.5 Stealth
 + Level 5.9 Invocations


You had 9 spell levels left.
You didn't know any spells.
Your spell library was empty.

Inventory:

Hand Weapons
 r - a +0 orcbow (weapon)
Armour
 c - a +0 robe (worn)
 h - a +1 cloak (worn)
 q - the +1 robe of the Valley of Death {rC- rN+++ Regen+ Str-5}
   (You found it on level 7 of the Dungeon)

   Str-5:     It affects your strength (-5).
   rC-:       It makes you vulnerable to cold.
   rN+++:     It renders you almost immune to negative energy.
   Regen+:    It increases your rate of health regeneration.
Jewellery
 l - a +6 ring of dexterity (left hand)
Wands
 f - a wand of light (4)
 j - a wand of mindburst (9)
 m - a wand of roots (24)
Potions
 d - 2 potions of resistance
 e - 2 potions of might
 i - a potion of enlightenment

Dungeon Overview and Level Annotations

Branches:
Dungeon (8/15)             Temple (1/1) D:5
   Lair: D:8-11

Altars:
Ashenzari
Cheibriados
Dithmenos
Elyvilon
Fedhas
Kikubaaqudgha
Makhleb
Nemelex Xobeh
Okawaru
Qazlal
Sif Muna
Trog
Uskayaw
Vehumet
Wu Jian
Zin

Shops:
D:1 [   D:3 *   D:4 !

Annotations:
D:6 3 runed translucent doors, qw's ghost, novice SpHu


Message History

You shoot an arrow.
The arrow closely misses the killer bee.
You feel sick. The killer bee completely misses you. The wight misses you.
The killer bee stings you but does no damage.
You shoot an arrow. The arrow misses the killer bee.
You feel sick. The killer bee completely misses you.
The wight completely misses you.
A steam dragon comes into view.
The killer bee stings you but does no damage.
You shoot an arrow. The arrow hits the killer bee!!
You kill the killer bee!
Okawaru accepts your kill.
You feel sick.
You are no longer poisoned.
The wight misses you.
Your life force feels restored.
You shoot an arrow. The arrow completely misses the wight.
The wight hits you with a +0 hand axe.
You feel drained.
You shoot an arrow. The arrow hits the wight.
The wight is lightly damaged.
The wight misses you.
You shoot an arrow. The arrow hits the wight.
The wight is moderately damaged.
The wight hits you but does no damage.
You shoot an arrow. The arrow hits the wight!
You destroy the wight!
Okawaru accepts your kill.
Your life force feels restored.
You shoot an arrow. The arrow hits the steam dragon.
The steam dragon is lightly wounded.
The steam dragon misses you. The steam dragon completely misses you.
You shoot an arrow. The arrow hits the steam dragon.
The steam dragon is lightly wounded.
The steam dragon breathes steam at you. The ball of steam hits you!
You hear an angry hiss.
You shoot an arrow. The arrow hits the steam dragon.
The steam dragon is moderately wounded.
You are engulfed in a cloud of scalding steam.
You die...

#...........#.## #.#
..##.###.##...# #.#
#.#.......#.#.## #.#
#... #.##...#..# #.#
#.#.#..(#.#.#.####.#
.. ...8...#...###..#
#. .#...#.#.#.##...#
.##...#.%.¤¤.#
...#.#.##@D.#
##.##...###).#
......#.# ##)###
.###.##.. #.))# ...
..# ###.)...(z. #.#
.## ###.#z... .# #
... .. .... ##..[


You could see a steam dragon (catching breath).

Vanquished Creatures
  Maurice (D:7)
  Prince Ribbit (D:7)
  A slime creature (D:7)
  6 orc warriors
  Duvessa (D:7)
  4 ice beasts
  2 black bears
  A sky beast (D:6)
  An ogre (D:6)
  2 phantoms
  A kobold brigand (D:6)
  5 bullfrogs
  A gnoll sergeant (D:7)
  3 scorpions (D:6)
  5 wights (D:8)
  Dowan (D:7)
  3 killer bees
  A vampire bat (D:7)
  9 howler monkeys
  3 bombardier beetles
  2 jellies
  2 gnoll boudas (D:7)
  An orc priest (D:7)
  4 iguanas
  4 orc wizards
  Terence (D:3)
  9 gnolls
  6 adders
  2 white imps (D:6)
  2 ufetubi (D:6)
  A ribbon worm (D:4)
  11 orcs
  9 ball pythons
  3 bat skeletons (D:7)
  2 bat zombies (D:7)
  4 endoplasms
  2 giant cockroaches (D:4)
  7 goblins
  5 hobgoblins
  4 jackals
  6 kobolds
  2 quokkas
  3 bats
  5 frilled lizards
  5 rats
154 creatures vanquished.

Notes
Turn   | Place    | Note
-------+----------+-------------------------------------------
     0 | D:1      | qw the Spriggan Hunter began the quest for the Orb.
     0 | D:1      | Reached XP level 1. HP: 10/10 MP: 2/2
     0 | D:1      | 0 ||| qw: Version: 0.3-a-160-g6735b56
     0 | D:1      | 0 ||| qw: Game counter: 5494
     0 | D:1      | 0 ||| qw: Melee chars always use a shield: true
     0 | D:1      | 0 ||| qw: God list: Okawaru
     0 | D:1      | 0 ||| qw: Allow faded altars: false
     0 | D:1      | 0 ||| qw: Do Orc after clearing Dungeon:15 true
     0 | D:1      | 0 ||| qw: Do second Lair branch before Depths: true
     0 | D:1      | 0 ||| qw: Lair rune preference: random
     0 | D:1      | 0 ||| qw: Goals: Normal
     0 | D:1      | 0 ||| PLANNING D:1-11
    45 | D:1      | Reached skill level 3 in Dodging
   145 | D:1      | Found Naang's Antique Armour Boutique.
   151 | D:1      | 151 ||| SHOPLISTING shimmering robe (136 gold, have 0).
   302 | D:1      | Reached XP level 2. HP: 14/14 MP: 3/3
   440 | D:1      | Reached skill level 4 in Dodging
   543 | D:1      | 543 ||| READING scroll labelled KOL XIRAXEORAU.
   544 | D:1      | 544 ||| READING scroll labelled QOEFOT DERO.
   544 | D:1      | 544 ||| BRANDING +0 shortbow.
   545 | D:1      | 545 ||| READING scroll labelled VUOXIXZ RUESAPN.
   550 | D:1      | 550 ||| READING 2 scrolls labelled XERHEB YMAEZA.
   550 | D:1      | 550 ||| IDENTIFYING silvery potion
   551 | D:1      | 551 ||| READING scroll of identify.
   551 | D:1      | 551 ||| IDENTIFYING orange potion
   552 | D:1      | 552 ||| READING scroll labelled SOONOSHIUSS.
   552 | D:1      | 552 ||| ENCHANTING +0 shortbow of draining.
   553 | D:1      | 553 ||| DROPPING scroll of butterflies.
   821 | D:2      | Reached XP level 3. HP: 18/18 MP: 4/4
  1105 | D:2      | 1105 ||| READING 2 scrolls of identify.
  1105 | D:2      | 1105 ||| IDENTIFYING blue potion
  1106 | D:2      | 1106 ||| READING scroll of identify.
  1106 | D:2      | 1106 ||| IDENTIFYING puce potion
  1107 | D:2      | 1107 ||| READING scroll labelled RONITUCVYQ.
  1108 | D:2      | 1108 ||| READING scroll labelled WIMPAFITUM.
  1109 | D:2      | 1109 ||| READING scroll labelled XUXZUTHREANUB.
  1110 | D:2      | 1110 ||| READING scroll labelled VOFARA GAETIH.
  1111 | D:2      | 1111 ||| READING scroll labelled XYHAUTA ASTRAGH.
  1112 | D:2      | 1112 ||| DROPPING potion of attraction.
  1207 | D:3      | Found a sparkling altar of Nemelex Xobeh.
  1351 | D:3      | Found Vogywuk's General Store.
  1358 | D:3      | 1358 ||| SHOPLISTING amulet of reflection (330 gold, have
                  | 113).
  1455 | D:3      | 1455 ||| RETREEEEATING.
  1459 | D:3      | Reached XP level 4. HP: 17/22 MP: 5/5
  1481 | D:3      | Found a faded altar of an unknown god.
  1514 | D:3      | Noticed Terence
  1525 | D:3      | Killed Terence
  1526 | D:3      | Reached skill level 5 in Dodging
  1689 | D:4      | Reached XP level 5. HP: 26/26 MP: 6/6
  1948 | D:4      | 1948 ||| UPGRADING to +6 ring of dexterity.
  1949 | D:4      | 1949 ||| READING 3 scrolls of identify.
  1949 | D:4      | 1949 ||| IDENTIFYING metallic blue potion
  1950 | D:4      | 1950 ||| READING 2 scrolls of identify.
  1950 | D:4      | 1950 ||| IDENTIFYING 2 murky orange potions
  1951 | D:4      | 1951 ||| DROPPING potion of brilliance.
  2113 | D:4      | Found Ycuam's Distillery.
  2118 | D:4      | 2118 ||| BUYING potion of heal wounds (55 gold).
  2118 | D:4      | Bought a potion of heal wounds for 55 gold pieces
  2118 | D:4      | 2118 ||| BUYING potion of resistance (110 gold).
  2118 | D:4      | Bought a potion of resistance for 110 gold pieces
  2211 | D:5      | Entered Level 5 of the Dungeon
  2211 | D:5      | Found a staircase to the Ecumenical Temple.
  2212 | D:5      | 2212 ||| PLANNING TEMPLE
  2224 | D:5      | Reached skill level 6 in Dodging
  2225 | Temple   | Entered the Ecumenical Temple
  2226 | Temple   | 2226 ||| PLANNING OKAWARU WORSHIP
  2238 | Temple   | Became a worshipper of Warmaster Okawaru
  2239 | Temple   | 2239 ||| PLANNING D:1-11
  2341 | D:5      | Reached XP level 6. HP: 30/30 MP: 7/7
  2352 | D:5      | Found a burning altar of Makhleb.
  2356 | D:5      | Noticed an ice beast
  2357 | D:5      | 2357 ||| DRINKING 2 potions of haste.
  2364 | D:5      | Killed an ice beast
  2365 | D:5      | Reached skill level 6 in Ranged Weapons
  2503 | D:5      | Noticed an orc warrior
  2504 | D:5      | 2504 ||| DRINKING potion of haste.
  2510 | D:5      | 2510 ||| RETREEEEATING.
  2513 | D:5      | Killed an orc warrior
  2513 | D:5      | Reached * piety under Okawaru
  2514 | D:5      | Reached skill level 7 in Dodging
  2524 | D:5      | 2524 ||| ZAPPING wand of light (6) at -2,0 (black bear;
                  | floor).
  2525 | D:5      | 2525 ||| ZAPPING wand of light (5) at -2,0 (black bear;
                  | floor).
  2526 | D:5      | Reached XP level 7. HP: 35/35 MP: 7/9
  2758 | D:5      | Reached skill level 8 in Dodging
  2765 | D:5      | Found a blossoming altar of Fedhas.
  2768 | D:5      | 2768 ||| READING scroll of identify.
  2768 | D:5      | 2768 ||| IDENTIFYING murky emerald potion
  2807 | D:6      | Found a white marble altar of Elyvilon.
  2807 | D:6      | Found a shadowy altar of Dithmenos.
  2807 | D:6      | Found a hide-covered altar of Uskayaw.
  2923 | D:6      | Reached ** piety under Okawaru
  2940 | D:6      | Reached skill level 3 in Invocations
  3048 | D:6      | Reached XP level 8. HP: 39/39 MP: 10/12
  3297 | D:6      | Reached skill level 9 in Dodging
  3585 | D:6      | Found a runed translucent gate.
  3585 | D:6      | Found a runed translucent gate.
  3587 | D:6      | Found a runed translucent gate.
  3588 | D:6      | Noticed qw's ghost (novice SpHu)
  3665 | D:6      | HP: 7/39 [gnoll sergeant/+1 heavy trident (21)]
  3666 | D:6      | 3666 ||| READING 2 scrolls of teleportation.
  3667 | D:6      | 3667 ||| DRINKING 2 potions of heal wounds.
  3858 | D:6      | 3858 ||| READING 2 scrolls of identify.
  3858 | D:6      | 3858 ||| IDENTIFYING scroll labelled MECIDGHI EPSUHU
  3859 | D:6      | 3859 ||| READING scroll of identify.
  3859 | D:6      | 3859 ||| IDENTIFYING scroll labelled MUIVOY SICIOBB
  3860 | D:6      | 3860 ||| DROPPING scroll of vulnerability.
  3861 | D:6      | 3861 ||| DROPPING scroll of poison.
  3909 | D:7      | Noticed Maurice
  3910 | D:7      | 3910 ||| INVOKING Heroism.
  3915 | D:7      | 3915 ||| DRINKING potion of curing.
  3915 | D:7      | 3915 ||| (to cure confusion)
  3923 | D:7      | Killed Maurice
  3923 | D:7      | Reached *** piety under Okawaru
  3924 | D:7      | Reached skill level 9 in Ranged Weapons
  4012 | D:7      | Noticed Prince Ribbit
  4013 | D:7      | 4013 ||| INVOKING Heroism.
  4024 | D:7      | Killed Prince Ribbit
  4025 | D:7      | Reached skill level 3 in Fighting
  4025 | D:7      | Reached XP level 9. HP: 44/44 MP: 11/13
  4132 | D:7      | 4132 ||| INVOKING Heroism.
  4133 | D:7      | 4133 ||| DRINKING potion of haste.
  4138 | D:7      | Reached skill level 10 in Dodging
  4524 | D:7      | Reached skill level 11 in Dodging
  4561 | D:7      | Identified the +1 robe of the Valley of Death {rC- rN+++
                  | Regen+ Str-5}
  4772 | D:7      | Noticed Duvessa
  4772 | D:7      | Noticed Dowan
  4789 | D:7      | Killed Dowan
  4790 | D:7      | 4790 ||| INVOKING Heroism.
  4799 | D:7      | Killed Duvessa
  4875 | D:7      | 4875 ||| RETREEEEATING.
  5011 | D:7      | Found a shimmering blue altar of Sif Muna.
  5155 | D:7      | Found an ancient bone altar of Kikubaaqudgha.
  5214 | D:7      | Reached **** piety under Okawaru
  5267 | D:7      | 5267 ||| SWAPPING to +0 orcbow.
  5268 | D:7      | 5268 ||| DROPPING +0 shortbow of draining.
  5295 | D:7      | HP: 10/44 [gnoll bouda/+0 club (6)]
  5296 | D:7      | 5296 ||| READING scroll of teleportation.
  5297 | D:7      | 5297 ||| DRINKING potion of heal wounds.
  5501 | D:7      | 5501 ||| FLEEEEING.
  5502 | D:7      | 5502 ||| FLEEEEING.
  5503 | D:7      | 5503 ||| FLEEEEING.
  5504 | D:7      | 5504 ||| FLEEEEING.
  5505 | D:7      | 5505 ||| FLEEEEING.
  5506 | D:7      | 5506 ||| FLEEEEING.
  5507 | D:7      | 5507 ||| FLEEEEING.
  5510 | D:7      | 5510 ||| FLEEEEING.
  5511 | D:7      | 5511 ||| FLEEEEING.
  5512 | D:7      | 5512 ||| FLEEEEING.
  5513 | D:7      | 5513 ||| FLEEEEING.
  5514 | D:7      | 5514 ||| FLEEEEING.
  5515 | D:7      | 5515 ||| FLEEEEING.
  5516 | D:7      | 5516 ||| FLEEEEING.
  5517 | D:7      | 5517 ||| FLEEEEING.
  5518 | D:7      | 5518 ||| FLEEEEING.
  5519 | D:7      | 5519 ||| FLEEEEING.
  5520 | D:7      | 5520 ||| FLEEEEING.
  5521 | D:7      | 5521 ||| STAIRDANCE
  5650 | D:6      | 5650 ||| UPGRADING to +0 cloak.
  5655 | D:6      | 5655 ||| READING scroll of enchant armour.
  5655 | D:6      | 5655 ||| ENCHANTING +0 cloak.
  5656 | D:6      | 5656 ||| READING scroll of identify.
  5656 | D:6      | 5656 ||| IDENTIFYING 2 white potions
  5657 | D:6      | 5657 ||| DROPPING wand of flame (17).
  5658 | D:6      | 5658 ||| DROPPING 2 potions of lignification.
  5992 | D:8      | Reached skill level 12 in Dodging
  5992 | D:8      | Reached XP level 10. HP: 49/49 MP: 15/15
  6021 | D:8      | 6021 ||| RETREEEEATING.
  6022 | D:8      | 6022 ||| RETREEEEATING.
  6029 | D:8      | 6029 ||| RETREEEEATING.
  6032 | D:8      | 6032 ||| RETREEEEATING.
  6056 | D:8      | HP: 4/49 [steam dragon/ball of steam (17)]
  6057 | D:8      | Engulfed by a steam dragon's steam

Levels and vault maps discovered:
D:1:      minmay_arrival_loop, layout_rooms, serial_shops, shop,
          minmay_door_square, nrook_loot_triangle
D:2:      layout_loops_ring
D:3:      layout_basic, nemelex_xobeh_ov_fountains_minmay, serial_shops, shop,
          dreamdust_ecumenical_altar_angels_and_demons, uniq_terence
D:4:      nicolae_cairo_tiling_large_dashed, layout_loops_cross, serial_shops,
          shop, grunt_decor_cap
D:5:      layout_rooms, old_standard_altar, marbit_many_paths,
          minmay_temple_entry_grid
D:6:      layout_loops_ring, grunt_temple_overflow_open,
          gammafunk_ghost_nasty_kobolds, minmay_fractal_squares_gapless_5
D:7:      cheibrodos_barr_body, layout_layer_cave, kennysheep_vampire_church,
          lemuel_coloured_pillars_altar, nicolae_twisty_statue_hallways,
          uniq_prince_ribbit1, uniq_maurice, uniq_duvessa
D:8:      minmay_four_partial_circles, layout_loops_ring,
          mainiacjoe_overflow_boulevard, dpeg_lair_monsters,
          nicolae_concentric_dashed_squares_wild
Temple:   nicolae_temple_ecumenical_triangle

Skill      XL: |  1  2  3  4  5  6  7  8  9 |
---------------+----------------------------+-----
Dodging        | 3 4 5 6 7 8 9 12 | 12.0
Ranged Weapons | 5 6 7 9 10 | 10.0
Fighting       | 2 3 |  3.6
Invocations    | 2 4 5 |  5.9
Stealth        | |  1.5

Action                     |  1- 3 |  4- 6 |  7- 9 | 10-12 || total
---------------------------+-------+-------+-------+-------++-------
   Fire: Shortbow          |    79 |    86 |   285 |       ||   450
         Orcbow            |       |       |    68 |    46 ||   114
 Invoke: Heroism           |       |       |     4 |       ||     4
  Evoke: Wand              |       |     2 |       |       ||     2
    Use: Scroll            |    13 |     2 |     7 |       ||    22
         Potion            |       |     2 |     4 |       ||     6
 Armour: Robe              |     3 |     8 |    39 |    10 ||    60
  Dodge: Dodged            |    16 |    22 |   232 |    38 ||   308

Table legend:
 A = Non-vault XP
 B = Vault XP
 C = Vault XP percentage of total XP
 D = Non-vault monster count
 E = Vault monster count
 F = Vault count percentage of total count
                 A         B        C        D         E       F
            +---------+---------+-------+---------+---------+-------
      Total |    3390 |    2872 |  45.9 |     123 |      31 |  20.1
            +---------+---------+-------+---------+---------+-------
        D:1 |      21 |       0 |   0.0 |      14 |       0 |   0.0
        D:2 |      25 |       0 |   0.0 |      16 |       0 |   0.0
        D:3 |      88 |      32 |  26.7 |      18 |       1 |   5.3
        D:4 |      82 |       0 |   0.0 |      11 |       0 |   0.0
        D:5 |     779 |       3 |   0.4 |      15 |       1 |   6.2
        D:6 |     734 |     360 |  32.9 |      16 |       4 |  20.0
        D:7 |    1039 |    2289 |  68.8 |      24 |      23 |  48.9
        D:8 |     622 |     188 |  23.2 |       9 |       2 |  18.2
            +---------+---------+-------+---------+---------+-------
